 Dungeon Crawl Stone Soup version 0.30.1-11-g7821555f0a (webtiles) character file.

Game seed: 15340316257879244226

179 Martska the Trooper (level 5, -1/39 (42) HPs)
             Began as a Demonspawn Fighter on Dec 13, 2023.
             Slain by a wight
             ... wielding a +0 scimitar
              (2 damage)
             ... on level 4 of the Dungeon.
             The game lasted 00:02:29 (2139 turns).

Martska the Trooper (Demonspawn Fighter)            Turns: 2139, Time: 00:02:30

HP:   -1/39 (42)    AC:  9    Str: 18    XL:     5   Next: 32%
MP:   5/5           EV: 10    Int:  9    God:
Gold: 155           SH:  4    Dex: 13    Spells: 4/4 levels left

rFire   . . .        a - +0 war axe
rCold   . . .        c - +0 buckler
rNeg    . . .        b - +0 scale mail
rPois   .            q - +0 helmet
rElec   .            o - +0 cloak
rCorr   .            (no gloves)
SInv    .            (no boots)
Will    .....        (no amulet) Stlth
                     (no ring)
HPRegen 0.26/turn    (no ring)
MPRegen 0.09/turn

%: no passive effects
@: drained
A: claws 2, sturdy frame 1
a: no special abilities


You were on level 4 of the Dungeon.
You visited 1 branch of the dungeon, and saw 4 of its levels.

You collected 155 gold pieces.

Inventory:

Hand Weapons
 a - a +0 war axe (weapon)
 p - a +2 quarterstaff of chaos
Armour
 b - a +0 scale mail (worn)
 c - a +0 buckler (worn)
 o - a +0 cloak (worn)
 q - a +0 helmet (worn)
Jewellery
 f - a ring of magical power
 l - a ring of protection from fire
Scrolls
 e - 5 scrolls of identify {unknown}
 g - a scroll of immolation {unknown}
 h - a scroll of brand weapon {unknown}
 i - a scroll of acquirement {unknown}
 k - 3 scrolls of vulnerability {unknown}
 m - 2 scrolls of noise {unknown}
Potions
 d - a potion of might
 j - 2 potions of magic {unknown}
 n - a potion of haste {unknown}


   Skills:
 * Level 4.2 Fighting
 - Level 1.7 Axes
 + Level 3.2 Armour
 * Level 2.3 Dodging
 - Level 2.6 Shields
 * Level 2.0 Unarmed Combat


You had 4 spell levels left.
You didn't know any spells.
Your spell library contained the following spells:

 Spells                   Type           Power      Damage    Failure   Level
 Magic Dart               Conj           0%         1d3       71%         1
 Call Imp                 Summ           0%         N/A       85%         2
 Mephitic Cloud           Conj/Pois/Air  0%         N/A       97%         3


Dungeon Overview and Level Annotations

Branches:
Dungeon (4/15)
 Temple: D:4-7

Altars:
Fedhas


Innate Abilities, Weirdness & Mutations

You have very sharp fingernails.
Your movements are slightly less encumbered by armour. (ER -2)


Message History

You finish putting on your +0 helmet.
There is a stone staircase leading up here.
A wight comes into view. It is wielding a +0 battleaxe.
A wight is nearby! 2 wights come into view.
Found a metallic amethyst potion.
A wight comes into view.
It is wielding a +4 falchion of freezing.
A wight comes into view. It is wielding a +0 scimitar.
The wight hits you but does no damage.
You barely miss the wight. The wight hits you but does no damage.
You block the wight's attack.
You hit the wight but do no damage. You barely miss the wight.
The wight closely misses you. The wight hits you with a +0 hand axe.
The wight barely misses you.
You hit the wight but do no damage. You hit the wight.
The wight hits you with a +0 hand axe. The wight closely misses you.
You block the wight's attack. The wight closely misses you.
The wight hits you with a +0 battleaxe. You block the wight's attack.
The wight hits you but does no damage.
You slash the wight!
You destroy the wight!
You hit the wight. You closely miss the wight. You block the wight's attack. x2
The wight hits you from afar with a +0 spear!
You feel drained.
Your life force feels restored.
Your Unarmed Combat skill increases to level 2!
You have reached level 5!
Your demonic ancestry asserts itself...
Your fingernails sharpen.
The wight attacks as you move away! The wight barely misses you.
The wight attacks as you move away! The wight barely misses you.
The wight attacks as you move away! The wight hits you with a +0 scimitar!
* * * LOW HITPOINT WARNING * * *
You feel drained.
* * * LOW HITPOINT WARNING * * *
There is a stone staircase leading up here.
The wight hits you with a +0 scimitar.
* * * LOW HITPOINT WARNING * * *
You feel drained.
You die...

#...............# ########
##.....).......# ###### #.....#
..............####....###.....##
##...........###.......##.....##
###........##..........#.....##
#.###.z.##...........#....... ##
##z###...........#.....##
#z##............#.....#
#.#zzzz@........#.#####
##.###............# #.#
######......## #.# ######## ..#
... .... .... ......


You could see 4 wights.

Vanquished Creatures
  A wight (D:4)
  Crazy Yiuf (D:3)
  4 adders
  A worm (D:3)
  2 dart slugs (D:1)
  11 ball pythons
  4 endoplasms
  2 giant cockroaches
  4 goblins
  10 hobgoblins
  5 quokkas
  3 bats
  2 kobolds
  5 rats
55 creatures vanquished.

Notes
Turn   | Place    | Note
-------+----------+-------------------------------------------
     0 | D:1      | Martska the Demonspawn Fighter began the quest for the Orb.
     0 | D:1      | Reached XP level 1. HP: 18/18 MP: 1/1
   187 | D:1      | Gained mutation: You have sharp fingernails. [demonic
                  | ancestry]
   187 | D:1      | Reached XP level 2. HP: 19/24 MP: 2/2
   236 | D:1      | Reached skill level 1 in Dodging
   648 | D:2      | Gained mutation: Your movements are slightly less
                  | encumbered by armour. (ER -2) [demonic ancestry]
   648 | D:2      | Reached XP level 3. HP: 26/29 MP: 3/3
  1046 | D:2      | Reached skill level 1 in Unarmed Combat
  1246 | D:2      | Found a blossoming altar of Fedhas.
  1443 | D:3      | Reached XP level 4. HP: 37/37 MP: 4/4
  1602 | D:3      | Noticed a shining eye
  1604 | D:3      | Noticed a golden eye
  1607 | D:3      | Found a faded altar of an unknown god.
  1608 | D:3      | Noticed a golden eye
  1608 | D:3      | Noticed a shining eye
  1778 | D:3      | Found a runed translucent door.
  1779 | D:3      | Noticed Crazy Yiuf
  1787 | D:3      | Killed Crazy Yiuf
  1788 | D:3      | Reached skill level 4 in Fighting
  2127 | D:4      | Gained mutation: You have very sharp fingernails. [demonic
                  | ancestry]
  2127 | D:4      | Reached XP level 5. HP: 19/42 MP: 5/5
  2139 | D:4      | HP: 1/40 [wight/+0 scimitar (5)]
  2139 | D:4      | Slain by a wight

Illustrated notes

Levels and vault maps discovered:
D:1:      amcnicky_arrival_abandoned_market, layout_basic
D:2:      layout_basic, basic_altar
D:3:      layout_rooms, hellmonk_ecumenical_altar_watching_god,
          uniq_crazy_yiuf_cottage
D:4:      layout_cave_pods, nzn_wu_jian_contemplation, minmay_crystal_room,
          minmay_manual_mail

Skill      XL: |  1  2  3  4 |
---------------+-------------+-----
Dodging        | 1 2 |  2.3
Armour         | 3 |  3.2
Unarmed Combat | 1 2 |  2.0
Fighting       | 4 |  4.2
Axes           | |  1.7
Shields        | |  2.6

Action                     |  1- 3 |  4- 6 || total
---------------------------+-------+-------++-------
  Melee: War axe           |   122 |    51 ||   173
    Use: Potion            |       |     2 ||     2
 Armour: Scale mail        |    47 |    24 ||    71
  Dodge: Dodged            |    51 |    30 ||    81
  Block: Buckler           |    31 |    17 ||    48
